 Dungeon Crawl Stone Soup version 0.30.0-29-ga12c61a403 (webtiles) character file.

Game seed: 1140246257007901435

1241 Fodor the Slasher (level 8, -25/70 HPs)
             Began as a Minotaur Fighter on June 11, 2023.
             Was an Initiate of Gozag.
             Killed from afar by an oklob plant (30 damage)
             ... with a splash of acid
             ... on level 6 of the Dungeon on June 12, 2023.
             The game lasted 00:23:55 (5205 turns).

Fodor the Slasher (Minotaur Fighter)                Turns: 5205, Time: 00:23:55

Health: -25/70     AC: -1    Str: 19 (22) XL:     8   Next: 25%
Magic:  7/7        EV:  8    Int:  4 (5)  God:    Gozag
Gold:   614        SH:  5    Dex: 12 (15) Spells: 7/7 levels left

rFire   . . .        v - +9 falchion "Acheucuv" {flame, *Noise Will+ Dex+4}
rCold   . . .        c - +0 buckler
rNeg    . . .        q - +0 chain mail
rPois   .            y - +2 hat
rElec   .            w - +0 cloak
rCorr   .            (no gloves)
SInv    +            (no boots)
Will    +....        (no amulet) Stlth
                     s - ring of see invisible
HPRegen 0.31/turn    (no ring)
MPRegen 0.10/turn

%: no passive effects
@: corroded, attractive
A: horns 2, retaliatory headbutt
a: Renounce Religion, Potion Petition, Call Merchant, Bribe Branch


You were on level 6 of the Dungeon.
You worshipped Gozag.
Gozag was pleased with you.
You visited 2 branches of the dungeon, and saw 7 of its levels.

You collected 676 gold pieces.
You paid 62 gold pieces to Gozag.

Inventory:

Hand Weapons
 h - a +4 scythe of venom
 v - the +9 falchion "Acheucuv" (weapon) {flame, *Noise Will+ Dex+4}
   (You found it on level 3 of the Dungeon)

   Dex:       It affects your dexterity (+4).
   *Noise:    It may make noises in combat.
   Will:      It increases your willpower.
 z - a +0 shortbow
Missiles
 e - 14 poisoned darts (quivered)
 o - 51 stones
Armour
 c - a +0 buckler (worn)
 q - a +0 chain mail (worn)
 w - a +0 cloak (worn)
 y - a +2 hat (worn)
Jewellery
 n - a ring of ice
 s - a ring of see invisible (left hand)
Wands
 a - a wand of iceblast (13)
 f - a wand of flame (14)
Scrolls
 g - a scroll of vulnerability
 l - 2 scrolls of teleportation
 p - a scroll of fog {unknown}
 r - 2 scrolls of magic mapping {unknown}
 t - a scroll of enchant weapon {unknown}
 u - a scroll of fear {unknown}
 x - a scroll of brand weapon {unknown}
 A - a scroll of poison
 B - a scroll of enchant armour {unknown}
Potions
 d - 3 potions of might
 i - 2 potions of degeneration
 j - a potion of magic {unknown}
 k - 3 potions of curing
 m - a potion of haste {unknown}


   Skills:
 + Level 5.7 Fighting
 + Level 7.8 Long Blades
 + Level 7.6 Armour
 + Level 1.2 Dodging
 + Level 1.5 Stealth
 + Level 5.0 Shields


You had 7 spell levels left.
You didn't know any spells.
Your spell library contained the following spells:

 Spells                   Type           Power      Damage    Failure   Level
 Vhi's Electric Charge    Tloc/Air       0%         N/A       100%        3
 Arcjolt                  Conj/Air       0%         1d10      100%        5
 Maxwell's Capacitive Co  Air            0%         ∞         100%        8


Dungeon Overview and Level Annotations

Branches:
Dungeon (6/15)             Temple (1/1) D:4

Altars:
Ashenzari
Cheibriados
Dithmenos
Elyvilon
Fedhas
Gozag
Nemelex Xobeh
Okawaru
Qazlal
Ru
Sif Muna
Vehumet
Wu Jian
Xom
Yredelemnul
Zin
The Shining One

Shops:
D:1 =!*

Annotations:
D:6 exclusion: oklob plant


Innate Abilities, Weirdness & Mutations

You have a pair of horns on your head.
You reflexively headbutt those who attack you in melee.


Message History

The oklob plant spits acid at you. The splash of acid hits you.
The acid corrodes you!
You hit the oklob plant but do no damage.
You headbutt the oklob plant, but do no damage.
You hit the oklob plant but do no damage.
You headbutt the oklob plant.
The oklob plant is lightly damaged.
You hit the oklob plant but do no damage.
The oklob plant is lightly damaged.
You hit the oklob plant but do no damage.
You headbutt the oklob plant!
The oklob plant is moderately damaged.
You hit the oklob plant. You burn the oklob plant.
Your falchion "Acheucuv" says, "I'm bored."
You headbutt the oklob plant, but do no damage.
The oklob plant is moderately damaged.
You hit the oklob plant. You burn the oklob plant.
You headbutt the oklob plant, but do no damage.
The oklob plant is moderately damaged.
The oklob plant spits acid at you. The splash of acid hits you!!
* * * LOW HITPOINT WARNING * * *
The acid corrodes you!
It was a potion of degeneration.
There was something very wrong with that liquid.
You feel weakened.
You feel dopey.
You feel clumsy.
It was a potion of attraction.
You feel attractive to monsters.
It was a potion of curing.
You feel better.
You feel better. The oklob plant spits acid at you.
The splash of acid hits you. The acid corrodes you!
The oklob plant spits acid at you. The splash of acid hits you!!
* * * LOW HITPOINT WARNING * * *
The acid corrodes you! The oklob plant spits acid at you.
The splash of acid hits you!!
You die...
Your body crumbles into a pile of gold.

###.# #.
#####...#
#.####
#.$...###
#.#...
#.#####
#.#.##
##.##
#.....
#...#
###.##
##...##
#.#
#.....#
#.#
#.$P@.#
#.#
#.....#
#.#
##...##
#.# #...#
#.##
#####
#... ####


You could see an oklob plant.

Vanquished Creatures
  Sigmund (D:5)
  A water moccasin (D:5)
  2 ogres
  A centaur (D:5)
  2 scorpions
  11 jellies
  Crazy Yiuf (D:5)
  2 iguanas
  2 adders (D:5)
  8 gnolls
  A white imp (D:5)
  An ufetubus (D:5)
  5 worms
  3 orcs (D:5)
  4 bats
  20 endoplasms
  2 giant cockroaches
  5 goblins
  6 hobgoblins
  6 kobolds
  5 quokkas
  4 ball pythons
  4 frilled lizards (D:1)
  4 rats
101 creatures vanquished.

Notes
Turn   | Place    | Note
-------+----------+-------------------------------------------
     0 | D:1      | Fodor the Minotaur Fighter began the quest for the Orb.
     0 | D:1      | Reached XP level 1. HP: 19/19 MP: 0/0
   239 | D:1      | Found Buisetib's Jewellery Boutique.
   288 | D:1      | Reached XP level 2. HP: 27/27 MP: 1/1
   701 | D:1      | Found Itwes's Distillery.
   806 | D:1      | Found Mufaacar's General Store.
  1781 | D:3      | Reached XP level 3. HP: 15/33 MP: 2/2
  1975 | D:3      | Identified the +9 falchion "Acheucuv" {flame, *Noise Will+
                  | Dex+4}
  2227 | D:3      | Noticed a scorpion
  2232 | D:3      | Killed a scorpion
  2233 | D:3      | Reached XP level 4. HP: 41/41 MP: 3/3
  2373 | D:4      | Noticed a scorpion
  2378 | D:4      | Killed a scorpion
  2379 | D:4      | Reached XP level 5. HP: 41/47 MP: 4/4
  2529 | D:4      | Found a glowing silver altar of Zin.
  2529 | D:4      | Noticed an angel
  2784 | D:4      | Found a staircase to the Ecumenical Temple.
  2805 | Temple   | Entered the Ecumenical Temple
  2829 | Temple   | Became a worshipper of Gozag Ym Sagoz the Greedy
  3176 | D:4      | Reached skill level 5 in Long Blades
  3495 | D:4      | Reached skill level 5 in Armour
  3544 | D:5      | Entered Level 5 of the Dungeon
  3587 | D:5      | Reached XP level 6. HP: 53/53 MP: 5/5
  3591 | D:5      | Noticed a water moccasin
  3602 | D:5      | Killed a water moccasin
  3603 | D:5      | Reached skill level 1 in Stealth
  3770 | D:5      | Noticed Sigmund
  3776 | D:5      | Killed Sigmund
  3777 | D:5      | Reached skill level 5 in Fighting
  3777 | D:5      | Reached XP level 7. HP: 61/61 MP: 6/6
  3882 | D:5      | Identified the +1 leather armour of the Meadowlark {Harm
                  | rF+ Str+3}
  4077 | D:5      | Found a runed translucent door.
  4078 | D:5      | Noticed Crazy Yiuf
  4083 | D:5      | Killed Crazy Yiuf
  4342 | D:6      | Reached skill level 1 in Dodging
  4342 | D:6      | Reached skill level 5 in Shields
  4452 | D:6      | Found a snail-covered altar of Cheibriados.
  4785 | D:6      | Found a sacrificial altar of Ru.
  4977 | D:6      | Reached XP level 8. HP: 68/69 MP: 7/7
  5137 | D:6      | Noticed an oklob plant
  5205 | D:6      | Killed from afar by an oklob plant

Illustrated notes

Levels and vault maps discovered:
D:1:      dpeg_arrival_refuge, layout_basic, serial_shops,
          nicolae_shop_rolling_square, nicolae_shop_peninsula, shop,
          minmay_misc_feat_pillars, minmay_pentomino_w2
D:2:      layout_basic
D:3:      layout_basic
D:4:      minmay_recursive_quarters, layout_loops_ring, zin_angel,
          minmay_temple_entry_statues_pillars
D:5:      layout_rooms, chequers_serial_rivers_room_b, uniq_crazy_yiuf_cottage,
          uniq_sigmund
D:6:      lemuel_slime, layout_loops_ring, cheibrodos_worm_habitat, trog_book,
          nicolae_ru_sacrificial_ziggurat
Temple:   nicolae_temple_bog_church

Skill      XL: |  1  2  3  4  5  6  7 |
---------------+----------------------+-----
Armour         | 4 5 6 7 |  7.6
Fighting       | 4 5 |  5.7
Shields        | 4 5 |  5.0
Long Blades    | 3 4 5 6 7 |  7.8
Stealth        | 1 |  1.5
Dodging        | 1 |  1.2

Action                     |  1- 3 |  4- 6 |  7- 9 || total
---------------------------+-------+-------+-------++-------
  Melee: Long sword        |    70 |       |       ||    70
         Headbutt          |    11 |     3 |    13 ||    27
         Falchion          |    14 |    45 |    82 ||   141
    Use: Scroll            |       |     4 |       ||     4
         Potion            |       |       |     4 ||     4
   Stab: Distracted        |       |       |     1 ||     1
 Armour: Scale mail        |    32 |       |       ||    32
         Chain mail        |    11 |    28 |    23 ||    62
  Dodge: Dodged            |    30 |    14 |    18 ||    62
  Block: Buckler           |    27 |    11 |    13 ||    51
